[Event "Live Chess"]
[Site "Chess.com"]
[Date "2023.05.21"]
[Round "-"]
[White "Cimon"]
[Black "bedsdrout"]
[Result "0-1"]
[WhiteElo "1835"]
[BlackElo "1843"]
[TimeControl "300"]
[EndTime "8:33:01 PDT"]
[Termination "bedsdrout won by resignation"]

1. Nf3 Nf6 2. d4 e6 3. c4 d5 4.
g3 Nc6 5. Bg2 dxc4 6. O-O Bb4 7.
Bg5 O-O 8. a3 Be7 9. Qc2 h6 10.
Bf4 Bd7 11. Qxc4 b5 12. Qc2 b4 13. Rd1 b3 14. Qxb3 g5 15. Be5 g4 16. Nfd2 Nd5 17.
e4 Nb6 18. Bf4 Nxd4 19. Qd3 Bb5 20. Qe3 Nc2 21. Qb3 Nxa1 22. Qxb5 Bg5 23. Nc3 Bxf4 24. gxf4 Nc2 25. Nc4 Qb8 26. Qh5 Nxc4 27. e5 g3 28. hxg3 Qxb2 29. Ne4 Kg7 30. Nf6 N2e3 31. fxe3 Nxe3 32.
Bxa8 Rxa8 33. Qf3 Nd5 34. Nxd5 exd5 35. Qxd5 Re8 36. Qd7 Qxa3 37. Qg4+ Kh8 38. Qh5 Qxg3+ 39. Kf1 Qxf4+ 40. Ke2 Rxe5+ 0-1

[Event "Live Chess"]
[Site "Chess.com"]
[Date "2023.05.21"]
[Round "-"]
[White "LL220284LL"]
[Black "fretle"]
[Result "1-0"]
[WhiteElo "2236"]
[BlackElo "1801"]
[TimeControl "300"]
[EndTime "8:33:06 PDT"]
[Termination "LL220284LL won by resignation"]

1. Nf3 Nf6 2. b3 d5 3. Bb2 c6 4. e3 Bg4 5. Be2 e6 6. O-O Be7 7. c4 Nbd7 8. Nc3 O-O 9. h3 Bxf3 10. Bxf3 Ne5 11. Be2 Nfd7 12. d4 Ng6 13. Bd3 f5 14. Ne2 Nf6 15. Qc1 Ne4 16. Ba3 e5 17. Bxe7 Qxe7 18.
cxd5 cxd5 19. dxe5 Nxe5 20. Bxe4 dxe4 21. Qb2 Rad8 22.
Rad1 Nd3 23. Qc3 Kh8 24. Nd4 f4 25. exf4 Nxf4 26. Rfe1 Qg5 27. Qg3 Qc5 28. Rxe4 Rxd4 29. Rdxd4 Qxd4 30. Rxd4 Ne2+ 31. Kh2 Nxg3 32. Kxg3 Kg8 33.
Rd7 Rb8 34. f4 h6 35. Kh4 Kh7 36. g4 Kg6 37. f5+ Kf6 38. Kg3 a6 39. Kf4 b5 40.
h4 g5+ 41. fxg6 Kxg6 42. Rd6+ Kg7 43. Rxa6 Rb7 44. g5 hxg5+ 45. Kxg5 b4 46. Ra5 Kh7 47. h5 Kg7 48. Kf4 Rb6 49. Ke4 Kh6 50. Kd4 1-0

[Event "Live Chess"]
[Site "Chess.com"]
[Date "2023.05.21"]
[Round "-"]
[White "BJAW87"]
[Black "Mikhail_Golubev"]
[Result "0-1"]
[WhiteElo "1442"]
[BlackElo "2416"]
[TimeControl "300"]
[EndTime "8:33:07 PDT"]
[Termination "Mikhail_Golubev won by checkmate"]

1. e4 c5 2. c3 d6 3. d4 Nf6 4.
Bd3 g6 5. Nf3 Bg7 6. e5 dxe5 7.
Nxe5 O-O 8. dxc5 Qc7 9. Bf4 Nh5 10. Nxg6 Nxf4 11. Nxf8 Nxg2+ 12. Kf1 Bh3 13. Kg1 Kxf8 14. Qh5 Nf4 15. Qxh7 Qc6 16. Qe4 Qxe4 17. Bxe4 Ne2# 0-1

[Event "Live Chess"]
[Site "Chess.com"]
[Date "2023.05.21"]
[Round "-"]
[White "FierceFighter2000"]
[Black "MartinWalker4"]
[Result "1-0"]
[WhiteElo "2054"]
[BlackElo "2077"]
[TimeControl "300"]
[EndTime "8:33:10 PDT"]
[Termination "FierceFighter2000 won on time"]

1. e4 Nf6 2. e5 Nd5 3. Nc3 Nxc3 4. dxc3 d5 5. exd6 cxd6 6. Nf3 e6 7. Bd3 Be7 8. O-O Nd7 9. Bf4 Nf6 10. h3 O-O 11. Re1 Qb6 12. Rb1 Bd7 13. Qd2 Bc6 14. Nd4 Rad8 15.
Nxc6 bxc6 16. Bg3 c5 17. b3 Qa5 18. b4 cxb4 19. cxb4 Qa3 20. c4 Nh5 21. Bh2 Bf6 22. Rb3 Qa4 23. Bc2 g6 24. a3 Qc6 25. Rd3 Qxc4 26. Bb3 Qc6 27. Rxd6 Rxd6 28. Qxd6 Qxd6 29. Bxd6 Rd8 30. Bc5 Rd7 31. Rd1 Rc7 32. Ba4 Be7 33. Rd7 Rxd7 34. Bxd7 1-0

[Event "Live Chess"]
[Site "Chess.com"]
[Date "2023.05.21"]
[Round "-"]
[White "manthanit"]
[Black "slava_ukr"]
[Result "0-1"]
[WhiteElo "1105"]
[BlackElo "2346"]
[TimeControl "300"]
[EndTime "8:33:10 PDT"]
[Termination "slava_ukr won by checkmate"]

1. e4 e5 2. Nf3 Nc6 3. Bc4 Be7 4. h3 Nf6 5. d3 O-O 6. Nc3 d6 7. Nd5 Na5 8. Bg5 Nxc4 9. dxc4 Nxd5 10. Bxe7 Nxe7 11. O-O f5 12. exf5 Bxf5 13. Qd2 Bxh3 14. gxh3 Rxf3 15. Kh2 Qd7 16. Rh1 Raf8 17. c5 Rxf2+ 18.
Qxf2 Rxf2+ 19. Kg1 Qf5 20. Rh2 Rxh2 21. Kxh2 Qf2+ 22.
Kh1 Nf5 23. cxd6 Ng3# 0-1

[Event "Live Chess"]
[Site "Chess.com"]
[Date "2023.05.21"]
[Round "-"]
[White "domrobson"]
[Black "SupremeTactician"]
[Result "1-0"]
[WhiteElo "1806"]
[BlackElo "2175"]
[TimeControl "300"]
[EndTime "8:33:11 PDT"]
[Termination "domrobson won by resignation"]

1. d4 Nf6 2. c4 e6 3. Nf3 d5 4.
Nc3 Bb4 5. Bg5 O-O 6. e3 h6 7. Bxf6 Qxf6 8. Rc1 c6 9. a3 Bxc3+ 10. Rxc3 Nd7 11.
Bd3 dxc4 12. Rxc4 Nb6 13. Rc1 Nd5 14. O-O Bd7 15. Ne5 Nb6 16. Bb1 Rad8 17. Qc2 g6 18.
f4 Bc8 19. Rf3 Nd5 20. Rg3 Qf5 21. Qe2 Nxf4 22. exf4 Qxf4 23. Rf1 Qxd4+ 24. Kh1 g5 25. Rd3 Qh4 26. Rxd8 Rxd8 27. Nxf7 Rf8 28. Ne5 Rxf1+ 29. Qxf1 Qf4 30. Qxf4 gxf4 31. Kg1 Kg7 32. Kf2 Kf6 33. Ng4+ Kg5 34. h3 h5 35. Ne5 Kf6 36. Nd3 e5 37. Kf3 Bf5 38. Ke2 a5 39. Ba2 f3+ 40. gxf3 Bxh3 41. Nf2 Bf5 42. Kf1 b5 43. Kg2 b4 44. axb4 axb4 45. Kg3 Bc2 46. Bc4 Kg5 47.
Nh3+ Kf6 48. Kh4 Bd1 49. Ng1 Kf5 50. Be2 Bxe2 51. Nxe2 e4 52. f4 c5 53. Kxh5 c4 54. Kh4 c3 55. bxc3 bxc3 56. Kg3 c2 57. Nc1 Ke6 58.
Kg4 Kd5 59. f5 Kd4 60. f6 Kc3 61. f7 Kd2 62. Nb3+ Kd1 63. f8=Q c1=Q 64. Qf1+ 1-0

[Event "Live Chess"]
[Site "Chess.com"]
[Date "2023.05.21"]
[Round "-"]
[White "JanMur7"]
[Black "Alfiedog12"]
[Result "1-0"]
[WhiteElo "1970"]
[BlackElo "870"]
[TimeControl "300"]
[EndTime "8:33:14 PDT"]
[Termination "JanMur7 won by resignation"]

1. e4 c6 2. d4 d5 3. Nc3 dxe4 4. Nxe4 Bf5 5. Ng3 Bg6 6. Nf3 Nf6 7. Bd3 e6 8. O-O Bd6 9. c3 Nbd7 10. Qc2 Qc7 11. Ne4 Ng4 12. h3 Bh2+ 13. Kh1 Nxf2+ 14. Qxf2 Bg3 15. Qxg3 Bxe4 16. Qxc7 1-0

[Event "Live Chess"]
[Site "Chess.com"]
[Date "2023.05.21"]
[Round "-"]
[White "WilliamofOrange16th"]
[Black "BillythekidFellowes"]
[Result "0-1"]
[WhiteElo "1851"]
[BlackElo "2132"]
[TimeControl "300"]
[EndTime "8:33:28 PDT"]
[Termination "BillythekidFellowes won by resignation"]

1. b3 e5 2. Bb2 Nc6 3. e3 d5 4.
Bb5 Bd6 5. f4 f6 6. Qh5+ g6 7.
Qh4 Kf7 8. Bxc6 bxc6 9. fxe5 Be7 10. exf6 Nxf6 11. Nf3 Rf8 12. O-O Kg7 13. Ng5 h6 14. Nh3 Bxh3 15. Qxh3 Kh7 16. d3 Nh5 17. Nd2 Bg5 18. Bd4 Qd6 19. Nf3 Bf6 20. Bxf6 Qxf6 21. Nd2 Qe7 22. e4 Nf4 23. Qe3 d4 24. Qe1 Qg5 25. Rf2 Nh3+ 0-1

[Event "Live Chess"]
[Site "Chess.com"]
[Date "2023.05.21"]
[Round "-"]
[White "CeladonFish"]
[Black "GMHarry-youtube"]
[Result "0-1"]
[WhiteElo "1136"]
[BlackElo "1994"]
[TimeControl "300"]
[EndTime "8:33:30 PDT"]
[Termination "GMHarry-youtube won by checkmate"]

1. d4 Nf6 2. c4 g6 3. Nc3 d5 4.
Bf4 Bg7 5. Nf3 O-O 6. e3 c6 7. Be2 dxc4 8. Bxc4 Bg4 9. O-O Nbd7 10. h3 Bh5 11. g4 Nxg4 12. hxg4 Bxg4 13. Bg3 Qc8 14. Be2 Nf6 15. Ne5 Bh3 16. Re1 Nd7 17. Nxd7 Qxd7 18. Kh2 h5 19. Bf1 Bxf1 20. Rxf1 f5 21. Qb3+ Kh8 22. Rh1 f4 23. exf4 Qg4 24. Kg2 Rxf4 25. Na4 Raf8 26. Rh4 Rxf2+ 27. Kh1 Rf1+ 28.
Rxf1 Rxf1+ 29. Kg2 Qe2+ 30. Kh3 Rh1+ 31. Bh2 Rxh2+ 32.
Kg3 Qf2# 0-1

[Event "Live Chess"]
[Site "Chess.com"]
[Date "2023.05.21"]
[Round "-"]
[White "AttackingSnowLeopard"]
[Black "Ian-Morley"]
[Result "1-0"]
[WhiteElo "2166"]
[BlackElo "1103"]
[TimeControl "300"]
[EndTime "8:33:43 PDT"]
[Termination "AttackingSnowLeopard won by resignation"]

1. d4 d5 2. c4 dxc4 3. Nf3 Nc6 4.
e3 Bg4 5. Bxc4 Bxf3 6. Qxf3 Nf6 7. O-O e6 8. Nc3 Be7 9. Bb5 Nd5 10. Nxd5 exd5 11.
Bxc6+ bxc6 12. Bd2 O-O 13. Bc3 c5 14. dxc5 Bxc5 15.
Qg4 g6 16. Qf4 f5 17. Qe5 Rf6 18. Qxf6 Qxf6 19. Bxf6 Rb8 20. Rac1 Bd6 21. Bd4 Rxb2 22. Bxb2 1-0

[Event "Live Chess"]
[Site "Chess.com"]
[Date "2023.05.21"]
[Round "-"]
[White "Dhaydon19"]
[Black "LiamBellwood"]
[Result "1-0"]
[WhiteElo "2689"]
[BlackElo "1929"]
[TimeControl "300"]
[EndTime "8:33:53 PDT"]
[Termination "Dhaydon19 won by resignation"]

1. d4 e6 2. Nf3 f5 3. g3 Nf6 4. Bg2 Be7 5. O-O O-O 6. c4 d6 7. Nc3 a5 8. Qc2 Nc6 9. e4 Nb4 10. Qe2 fxe4 11. Nxe4 Nxe4 12. Qxe4 e5 13. dxe5 Bf5 14.
Qe2 Bd3 15. Qd2 Bxf1 16. Kxf1 dxe5 17. a3 Qxd2 18. Bxd2 Nd3 19. Be3 Nxb2 20. Nd2 Nd3 21. Bxb7 Rab8 22. Bd5+ Kh8 23. Ke2 Nc5 24. Ra2 Nb3 25.
Nf3 Bc5 26. Nxe5 Bxe3 27. Kxe3 Rfe8 28. f4 Nc5 29. Kf2 g6 30. Re2 Kg7 31. Bc6 Re6 32.
Bb5 Nb3 33. Nf3 Rxe2+ 34. Kxe2 Rd8 35. Ke3 Nc5 36. Ne5 Kf6 37. h4 h6 38. Ng4+ Kg7 39.
Ne5 Kf6 40. Bc6 g5 41. Ng4+ Kg6 42. f5+ Kxf5 43. Nxh6+ Kg6 44. hxg5 Kxg5 45. Nf7+ 1-0

[Event "Live Chess"]
[Site "Chess.com"]
[Date "2023.05.21"]
[Round "-"]
[White "whatnot126"]
[Black "Bob2pen"]
[Result "1/2-1/2"]
[WhiteElo "2066"]
[BlackElo "1885"]
[TimeControl "300"]
[EndTime "8:34:04 PDT"]
[Termination "Game drawn by repetition"]

1. e4 e6 2. d4 d5 3. e5 c5 4. c3 Nc6 5. Nf3 Qb6 6. Bd3 Bd7 7. O-O cxd4 8. cxd4 Nxd4 9. Nxd4 Qxd4 10. Nc3 a6 11.
Qe2 h5 12. Rd1 Qg4 13. f3 Qh4 14. Be3 Nh6 15. Bf2 Qg5 16. h4 Qd8 17. f4 Ng4 18.
f5 Qc7 19. Bg3 Qc5+ 20. Kh1 Qe3 21. fxe6 Bxe6 22. Bb5+ axb5 23. Qxb5+ Bd7 24. Qxb7 Qa7 25. Qxa7 Rxa7 26. Nxd5 Be6 27. Rac1 Be7 28. Nc7+ Kf8 29. Nxe6+ fxe6 30. Rc8+ Kf7 31. Rf1+ Kg6 32. Rxh8 Rxa2 33. Rb8 Bc5 34. Rc1 Bd4 35. b4 Ra3 36. Bf4 Nf2+ 37.
Kh2 Ng4+ 38. Kh1 Nf2+ 39. Kh2 Ng4+ 40. Kh1 1/2-1/2

[Event "Live Chess"]
[Site "Chess.com"]
[Date "2023.05.21"]
[Round "-"]
[White "TheAuditer"]
[Black "RichardABates"]
[Result "0-1"]
[WhiteElo "1370"]
[BlackElo "2186"]
[TimeControl "300"]
[EndTime "8:34:09 PDT"]
[Termination "RichardABates won by checkmate"]

1. d4 Nf6 2. c4 e5 3. dxe5 Ne4 4. Bf4 d6 5. e3 Nc6 6. exd6 Qf6 7.
Qc2 Bf5 8. d7+ Kxd7 9. Bd3 Nb4 10. Qa4+ c6 11. Qb3 Nc5 12. Bxf5+ Qxf5 13. Qd1+ Ncd3+ 14. Kf1 Bd6 15. Nf3 Bxf4 16. exf4 Kc7 17. a3 Nxb2 18. Qb3 Nc2 19. Qxb2 Qd3+ 20. Kg1 Qd1+ 21.
Ne1 Qxe1# 0-1

[Event "Live Chess"]
[Site "Chess.com"]
[Date "2023.05.21"]
[Round "-"]
[White "TheSmoulderingMaster"]
[Black "Pablo_dmp"]
[Result "0-1"]
[WhiteElo "1659"]
[BlackElo "1853"]
[TimeControl "300"]
[EndTime "8:34:17 PDT"]
[Termination "Pablo_dmp won by resignation"]

1. e4 c5 2. Nf3 Nc6 3. d4 cxd4 4. Nxd4 Nf6 5. Nc3 e5 6. Nf5 d5 7. Nb5 d4 8. Bg5 a6 9. Bxf6 gxf6 10. Na3 Bxf5 11.
exf5 Qd7 12. Bd3 Qd5 13. O-O Rg8 14. f3 Bc5 15. Be4 Qd7 16. Nc4 Ke7 17. Kh1 Rg5 18. a3 Rag8 19. Rf2 d3 20. cxd3 Bxf2 21. Qe2 Rxg2 22. Ne3 Rg1+ 0-1

[Event "Live Chess"]
[Site "Chess.com"]
[Date "2023.05.21"]
[Round "-"]
[White "matt1979"]
[Black "ossie57"]
[Result "0-1"]
[WhiteElo "1535"]
[BlackElo "1843"]
[TimeControl "300"]
[EndTime "8:34:23 PDT"]
[Termination "ossie57 won by resignation"]

1. f4 d5 2. e3 Nc6 3. Nf3 Bg4 4.
Bb5 a6 5. Bxc6+ bxc6 6. O-O e5 7. fxe5 f6 8. exf6 Nxf6 9. Qe1 Bd6 10. h3 Bh5 11. d3 O-O 12. Nc3 Qe7 13. Bd2 Bxf3 14. Rxf3 Qe5 15. Kf2 Nh5 16. Rxf8+ Rxf8+ 17. Ke2 d4 18. Ne4 dxe3 19. Bxe3 Qxb2 20. Bd2 Qe5 21. Be3 Nf4+ 22.
Bxf4 Qxf4 23. Qc3 Be5 24. Qc4+ Kh8 25. Rd1 Qf7 26. Qxc6 Qh5+ 27. Kd2 Bf4+ 28. Kc3 Qxd1 29. Qxc7 Bxc7 0-1

[Event "Live Chess"]
[Site "Chess.com"]
[Date "2023.05.21"]
[Round "-"]
[White "grillage"]
[Black "friarnator"]
[Result "0-1"]
[WhiteElo "1782"]
[BlackElo "2029"]
[TimeControl "300"]
[EndTime "8:34:32 PDT"]
[Termination "friarnator won by resignation"]

1. d4 Nf6 2. Nc3 e6 3. Bf4 d5 4. e3 Bb4 5. Bd3 O-O 6. Ne2 c5 7. dxc5 Nbd7 8. c6 bxc6 9. a3 Bxc3+ 10. Nxc3 e5 11. Bg5 e4 12. Be2 h6 13. Bh4 Qb6 14. Qd2 Qxb2 15. O-O Qb6 16. Rab1 Qa5 17. Rb3 g5 18.
Bg3 Nc5 19. Rbb1 Na4 20. Rb3 Bd7 21. Qd4 Nxc3 22. Rxc3 Nh7 23. Bd6 Rfe8 24. Bb4 Qd8 25. Bc5 Qf6 26. Qa4 Qxc3 27. Bd4 Qd2 28. Bh5 Nf8 29.
Rd1 c5 30. Rxd2 Bxa4 31. Bxc5 Ne6 32. Bb4 Rac8 33. c3 Nc7 0-1

[Event "Live Chess"]
[Site "Chess.com"]
[Date "2023.05.21"]
[Round "-"]
[White "HoarseyHorsey"]
[Black "Duke_of_Bebington"]
[Result "1-0"]
[WhiteElo "1465"]
[BlackElo "1557"]
[TimeControl "300"]
[EndTime "8:34:37 PDT"]
[Termination "HoarseyHorsey won by resignation"]

1. d4 d5 2. c4 c6 3. cxd5 cxd5 4.
Bf4 Nc6 5. e3 Bf5 6. Nf3 Nf6 7.
Nc3 e6 8. Qb3 Qd7 9. Bb5 a6 10. Ne5 Nxe5 11. Bxd7+ Nexd7 12. O-O b5 13. Ne2 Be7 14. Ng3 Bg6 15. Rac1 O-O 16. Rc7 Bd8 17. Rc2 Bxc2 18. Qxc2 Ba5 19. Rc1 Nb6 20. b3 Rac8 21. Qb2 Rxc1+ 22. Qxc1 Ne4 23. Nxe4 dxe4 24. Qb1 f5 25. h4 Nd5 26. Be5 Rc8 27. Qd1 Nc3 28.
Qh5 Nd5 29. Qg5 g6 30. h5 Bc7 31. Bxc7 Nxc7 32. hxg6 hxg6 33. Qxg6+ Kf8 34. Qf6+ Ke8 35.
f3 Nd5 36. Qxe6+ Ne7 37. fxe4 fxe4 38. Qxe4 Rc5 1-0

[Event "Live Chess"]
[Site "Chess.com"]
[Date "2023.05.21"]
[Round "-"]
[White "domrobson"]
[Black "slava_ukr"]
[Result "0-1"]
[WhiteElo "1805"]
[BlackElo "2347"]
[TimeControl "300"]
[EndTime "8:34:45 PDT"]
[Termination "slava_ukr won by resignation"]

1. d4 d5 2. c4 e5 3. dxe5 d4 4.
Nf3 Nc6 5. a3 Bg4 6. Nbd2 Qe7 7.
Nb3 O-O-O 8. Bg5 f6 9. exf6 gxf6 10. Bf4 Bxf3 11. gxf3 Ne5 12. Bh3+ Kb8 13. Nxd4 Rxd4 14.
Qxd4 Nxf3+ 0-1

[Event "Live Chess"]
[Site "Chess.com"]
[Date "2023.05.21"]
[Round "-"]
[White "WelshTiger"]
[Black "zdanevych"]
[Result "1-0"]
[WhiteElo "2321"]
[BlackElo "1462"]
[TimeControl "300"]
[EndTime "8:35:11 PDT"]
[Termination "WelshTiger won by resignation"]

1. e4 c5 2. Nf3 e6 3. b3 d5 4. exd5 exd5 5. d4 Be6 6. Bb5+ Nc6 7. O-O a6 8. Bxc6+ bxc6 9. Bb2 cxd4 10. Nxd4 Qd6 11.
Re1 Nf6 12. Nf5 Qd7 13. Nc3 g6 14. Nd4 Bg7 15. Na4 Qd6 16. c4 O-O 17. c5 Qc7 18.
Rxe6 fxe6 19. Nxe6 1-0

[Event "Live Chess"]
[Site "Chess.com"]
[Date "2023.05.21"]
[Round "-"]
[White "Dhaydon19"]
[Black "TheSmoulderingMaster"]
[Result "1-0"]
[WhiteElo "2689"]
[BlackElo "1659"]
[TimeControl "300"]
[EndTime "8:35:15 PDT"]
[Termination "Dhaydon19 won by resignation"]

1. d4 Nf6 2. Nf3 d6 3. g3 g6 4.
Bg2 Bg7 5. O-O O-O 6. c4 c6 7. Nc3 Bg4 8. Qb3 Qc7 9. Bf4 Re8 10. c5 Bxf3 11. Bxf3 e5 12. cxd6 Qxd6 13. dxe5 Qe7 14. exf6 1-0

[Event "Live Chess"]
[Site "Chess.com"]
[Date "2023.05.21"]
[Round "-"]
[White "EdenHazard8"]
[Black "DfNn"]
[Result "0-1"]
[WhiteElo "1924"]
[BlackElo "1560"]
[TimeControl "300"]
[EndTime "8:35:18 PDT"]
[Termination "DfNn won by checkmate"]

1. e4 e5 2. Nf3 Nc6 3. Bc4 Bc5 4. d3 Nf6 5. O-O d6 6. h3 O-O 7. Bg5 Be6 8. Bb3 Qd7 9. Kh2 Kh8 10. Nc3 Nh5 11.
Nd5 Nf4 12. Nxf4 exf4 13. Bxf4 g5 14. Bxg5 Rg8 15. Bf6+ Rg7 16. Bxg7+ Kxg7 17. Nh4 Rg8 18. Qh5 Kh8 19. f4 Nd4 20. f5 Bxb3 21. axb3 Nxc2 22.
Rac1 Ne3 23. Rf3 Qb5 24. Ng6+ fxg6 25. fxg6 Rxg6 26. Rxe3 Qxb3 27. Rf3 Qxb2 28. Rf8+ Kg7 29. Qf3 Qxc1 30. Qf7+ Kh6 31. Rh8 Qg1# 0-1

[Event "Live Chess"]
[Site "Chess.com"]
[Date "2023.05.21"]
[Round "-"]
[White "JohanKjeldahl"]
[Black "chessfiction"]
[Result "0-1"]
[WhiteElo "1879"]
[BlackElo "2298"]
[TimeControl "300"]
[EndTime "8:35:19 PDT"]
[Termination "chessfiction won by resignation"]

1. c4 d5 2. cxd5 c6 3. dxc6 e5 4. cxb7 Bxb7 5. Nc3 Bc5 6. e3 Nf6 7. Nf3 Nc6 8. a3 O-O 9. b4 Bb6 10. Bb2 e4 11. Ng5 Ne5 12. h4 h6 13. Ngxe4 Nxe4 14. Nxe4 Bxe4 15. Bxe5 Qd5 16. d4 Rac8 17. f3 Bg6 18.
Bd3 Rc3 19. Bxg6 Rxe3+ 20. Kf2 Rxe5 21. Be4 Qxd4+ 22. Qxd4 Bxd4+ 23. Kg3 Bxa1 24. Rxa1 f5 25. Bd3 Rd8 26. Bc4+ Kf8 27. h5 Rd4 28. Rc1 f4+ 29. Kh4 Rg5 30. Bf1 Rdd5 31. g4 fxg3 0-1

[Event "Live Chess"]
[Site "Chess.com"]
[Date "2023.05.21"]
[Round "-"]
[White "SupremeTactician"]
[Black "manthanit"]
[Result "1-0"]
[WhiteElo "2175"]
[BlackElo "1105"]
[TimeControl "300"]
[EndTime "8:35:21 PDT"]
[Termination "SupremeTactician won by resignation"]

1. e4 e6 2. d4 d5 3. Nd2 dxe4 4.
Nxe4 Nf6 5. Nxf6+ Qxf6 6. c3 c5 7. Nf3 cxd4 8. Qxd4 Be7 9. Qxf6 Bxf6 10. Be3 O-O 11.
O-O-O Bd7 12. h4 Bc6 13. Bd3 Nd7 14. h5 h6 15. g4 Rad8 16. Rh3 Ne5 17. Nxe5 Bxe5 18.
f4 Bf6 19. g5 Be7 20. gxh6 gxh6 21. f5 exf5 22. Bxh6 Be4 23. Bxf8 Kxf8 24. Bxe4 Rxd1+ 25. Kxd1 fxe4 26. h6 Bf6 27. Ke2 Kg8 28. Ke3 Kh7 29.
Kxe4 Bg5 30. Kf5 Bxh6 31. Rxh6+ Kxh6 32. Kf6 Kh5 33. Kxf7 Kg4 34. Ke6 Kf4 35. Kd6 Ke3 36.
Kc7 Kd3 37. Kxb7 Kc2 38. c4 Kxb2 39. c5 Kxa2 40. c6 Kb3 41. Kxa7 1-0

[Event "Live Chess"]
[Site "Chess.com"]
[Date "2023.05.21"]
[Round "-"]
[White "JanMur7"]
[Black "bedsdrout"]
[Result "0-1"]
[WhiteElo "1959"]
[BlackElo "1876"]
[TimeControl "300"]
[EndTime "8:35:27 PDT"]
[Termination "bedsdrout won by checkmate"]

1. e4 c5 2. Nf3 Nc6 3. c3 Nf6 4. e5 Nd5 5. d4 cxd4 6. cxd4 d6 7.
exd6 Bf5 8. Nc3 Ndb4 9. d5 Nc2+ 10. Ke2 Qxd6 11. dxc6 Qe6+ 12. Be3 Rd8 13. cxb7 Qc4+ 14.
Qd3 Qxd3# 0-1

[Event "Live Chess"]
[Site "Chess.com"]
[Date "2023.05.21"]
[Round "-"]
[White "McSlash1"]
[Black "tpm07"]
[Result "0-1"]
[WhiteElo "1964"]
[BlackElo "1959"]
[TimeControl "300"]
[EndTime "8:35:30 PDT"]
[Termination "tpm07 won by resignation"]

1. e4 e5 2. Nf3 Nc6 3. Bc4 Nf6 4. O-O Nxe4 5. Re1 d5 6. Bb5 Bc5 7. d4 exd4 8. Nxd4 O-O 9. Bxc6 bxc6 10. c3 Qh4 11. g3 Qh3 12. Qf3 Bg4 13. Qg2 Qh5 14. Be3 Bxd4 15. Bxd4 Ng5 16. Nd2 Bf3 17. Nxf3 Nxf3+ 18.
Kh1 Nxe1 19. Rxe1 Rfe8 20. Qf1 Qf3+ 21. Kg1 Re6 22. Rxe6 fxe6 23. Qh3 Qf5 24. Qh4 e5 25. Be3 Re8 26. Bxa7 Qb1+ 27. Kg2 Qxa2 28. Bc5 Qxb2 29. Qh5 Qb8 30. Qf5 Qc8 31. Qg5 Qe6 32. h4 e4 33.
Bd4 Re7 34. h5 e3 35. fxe3 Qe4+ 36. Kh3 Qh1+ 37. Kg4 Re4+ 38. Kf5 Qf3+ 0-1

[Event "Live Chess"]
[Site "Chess.com"]
[Date "2023.05.21"]
[Round "-"]
[White "Misha145Chess"]
[Black "GMHarry-youtube"]
[Result "0-1"]
[WhiteElo "621"]
[BlackElo "1994"]
[TimeControl "300"]
[EndTime "8:35:37 PDT"]
[Termination "GMHarry-youtube won by checkmate"]

1. d4 Nf6 2. Nc3 d5 3. f3 c5 4.
dxc5 e5 5. Nb5 Bxc5 6. e3 Qb6 7. f4 exf4 8. exf4 Bg4 9. Be2 Bf2+ 10. Kf1 Bh4 11. Qd3 Qf2# 0-1

[Event "Live Chess"]
[Site "Chess.com"]
[Date "2023.05.21"]
[Round "-"]
[White "AyannaTang"]
[Black "Tema1107"]
[Result "0-1"]
[WhiteElo "230"]
[BlackElo "1958"]
[TimeControl "300"]
[EndTime "8:35:46 PDT"]
[Termination "Tema1107 won by checkmate"]

1. e4 c5 2. d4 cxd4 3. Bc4 e6 4.
Nf3 Nc6 5. c3 d3 6. Na3 Bxa3 7.
bxa3 Nge7 8. Bb5 O-O 9. Bxc6 dxc6 10. O-O b6 11. Qxd3 Qxd3 12. Nd2 Ba6 13. Bb2 Qxd2 14.
h4 Qxb2 15. Rfe1 Rad8 16. Reb1 Qxc3 17. Rc1 Qe5 18. Re1 Rd2 19. Rad1 Rfd8 20. Rxd2 Rxd2 21. Rf1 Bxf1 22. Kxf1 Qa1# 0-1

[Event "Live Chess"]
[Site "Chess.com"]
[Date "2023.05.21"]
[Round "-"]
[White "NatashaRegan"]
[Black "wot-not"]
[Result "0-1"]
[WhiteElo "1699"]
[BlackElo "1531"]
[TimeControl "300"]
[EndTime "8:36:09 PDT"]
[Termination "wot-not won by checkmate"]

1. c4 Nf6 2. d4 g6 3. Nc3 d5 4.
cxd5 Nxd5 5. e4 Nxc3 6. bxc3 Bg7 7. Bc4 c5 8. Ne2 O-O 9. O-O Nc6 10. e5 Na5 11. Bd3 c4 12. Be4 Bd7 13. Nf4 Bc6 14. Bc2 e6 15. Ba3 Re8 16. Bd6 b5 17. Qg4 Nb7 18. Ba3 Bd5 19. h4 a5 20. h5 Bf8 21.
Bxf8 Kxf8 22. hxg6 hxg6 23. Bxg6 Ke7 24. Qg5+ Kd7 25.
Qxd8+ Raxd8 26. Bxf7 Rf8 27. Nxd5 Rxf7 28. Nf6+ Kc6 29.
a4 b4 30. cxb4 axb4 31. Rfc1 c3 32. Rab1 Rxd4 33. Rb3 Nc5 34. Rbb1 Nxa4 35. f3 Rb7 36. Kf2 Rd2+ 37. Ke3 Rb5 38. f4 Rxg2 39. Rd1 Rg3+ 40.
Kf2 Rh3 41. Rd6+ Kc5 42. Ne4+ Kc4 43. Rc6+ Kd3 44. Nd6 Rc5 45. Ra6 Kc2 46. Ra1 Nb2 47.
Ne4 Nd3+ 48. Kg2 Nxf4+ 49. Kg1 Rc4 50. Nd6 Rd4 51. R6a2+ Kd3 52. Nb5 Re4 53. Rd1+ Kc4 54. Nd6+ Kb3 55. Raa1 Re2 56. Nb5 Rg2+ 57. Kf1 Rh1# 0-1

[Event "Live Chess"]
[Site "Chess.com"]
[Date "2023.05.21"]
[Round "-"]
[White "JoshMcK"]
[Black "martinsmartin63"]
[Result "1-0"]
[WhiteElo "1580"]
[BlackElo "767"]
[TimeControl "300"]
[EndTime "8:36:12 PDT"]
[Termination "JoshMcK won by resignation"]

1. e4 e5 2. Nf3 Nc6 3. Bb5 d6 4. d4 Bd7 5. Bxc6 Bxc6 6. Nc3 Bd7 7. O-O Be7 8. d5 Bg4 9. h3 Bh5 10. Qd3 Bg6 11. Qb5+ Kf8 12. Qxb7 Qb8 13. Qxb8+ Rxb8 14. Re1 Nf6 15. b3 Nxe4 16. Nxe4 Bxe4 17. Rxe4 c6 18. dxc6 Rc8 19. c4 a5 20. Bb2 g6 21. Bc3 Kg7 22.
Nxe5 dxe5 23. Bxe5+ Bf6 24. Bxf6+ Kxf6 25. Rae1 Rxc6 26.
Re5 Rd8 27. Rxa5 Rd2 28. g3 Rcd6 29. a4 Rb2 30. Rb5 Rdd2 31. Rf1 Kg7 32. a5 h5 33. a6 Ra2 34. Rb6 Rdc2 35. b4 Rab2 36. b5 Rxc4 37. a7 Ra2 38. Rb7 Rca4 39. b6 Ra1 40. Rxa1 Rxa1+ 41. Kg2 Kf6 42. Rb8 g5 43. a8=Q Ra7 44. Qxa7 1-0

[Event "Live Chess"]
[Site "Chess.com"]
[Date "2023.05.21"]
[Round "-"]
[White "f4nomore"]
[Black "lord_cll"]
[Result "0-1"]
[WhiteElo "1372"]
[BlackElo "1219"]
[TimeControl "300"]
[EndTime "8:36:14 PDT"]
[Termination "lord_cll won on time"]

1. d4 Nf6 2. Bg5 g6 3. Bxf6 exf6 4. Nf3 Bg7 5. e3 O-O 6. Be2 Nc6 7. O-O d5 8. c4 Be6 9. c5 Ne7 10. b4 a5 11. Qb3 Nc6 12. b5 a4 13. Qb2 Na5 14. Na3 Nc4 15. Nxc4 dxc4 16. Qc3 Qd5 17. Rfc1 c6 18.
bxc6 Qxc6 19. Bxc4 f5 20. Be2 Rac8 21. a3 b5 22.
Rab1 Rb8 23. h3 Bb3 24. Nh2 Rbc8 25. Bf3 Qe6 26. Qa5 Bc4 27. Qb6 Rb8 28. Qxe6 fxe6 29.
Bd1 Bd3 30. Rb2 Rbc8 31. Nf3 Rc7 32. Ne1 Bc4 33. Be2 Bxe2 34. Rxe2 Rb8 35. Rec2 b4 36. axb4 Rxb4 37. Nd3 Rb3 38. Ne1 a3 39. Ra2 Ra7 40.
Nc2 Rb2 41. Rxa3 Rxc2 0-1

[Event "Live Chess"]
[Site "Chess.com"]
[Date "2023.05.21"]
[Round "-"]
[White "1600x"]
[Black "garyjc"]
[Result "1-0"]
[WhiteElo "1937"]
[BlackElo "1080"]
[TimeControl "300"]
[EndTime "8:36:14 PDT"]
[Termination "1600x won on time"]

1. e4 c5 2. Nf3 a6 3. Qe2 b5 4. a4 bxa4 5. d4 cxd4 6. Nxd4 e5 7. Nf3 Nf6 8. Rxa4 Nc6 9. c3 Bd6 10.
Qd1 Qe7 11. Nbd2 O-O 12. b4 Bb7 13. h4 Nh5 14. Nc4 Bc7 15. g4 Nf4 16. g5 Na7 17.
Be3 Bxe4 18. Bc5 d6 19. Be3 Nb5 20. Bd2 Bd3 21. Nb2 Bxf1 22. Kxf1 e4 23. c4 exf3 24. Bxf4 Nc3 25. Qxf3 Nxa4 26. Nxa4 Rfe8 27. Qe3 Qxe3 28. Bxe3 Rac8 29. Nc3 Bb8 30. c5 dxc5 31. Bxc5 Rcd8 32.
Kg2 Bd6 33. Bxd6 Rxd6 34. b5 axb5 35. Nxb5 Rd2 36. Ra1 g6 37. Ra4 Ree2 38. Rf4 Kg7 39. Nc3 Re8 40. Ne4 Rdd8 41. Nf6 Re2 42. Ng4 Ra8 43. Rd4 Raa2 44. Rd7 Kf8 45. Kg3 Ra3+ 46. f3 Re1 47. Nh6 Rg1+ 48. Kf2 1-0